TOP OF THE 1ST |
University of Michigan Wolverines batting - Pitching for Clemson University Tigers : RHP Quintin Duncombe
|
Pitching: RHP Quintin Duncombe
|
|
Batting: RHB Walter Fisher
|
0-0: Swinging Strike 0-1: Fly out, F3 (Popup, 3S, EV 71.2 MPH)
|
Batting: RHB Chris Williamson
|
0-0: Foul Ball, location: 2F 0-1: Ball 1-1: Ball 2-1: Foul Ball, location: 2F 2-2: SINGLE (Groundball, 4MD, EV 105.6 MPH)
|
Batting: LHB Dakota Kaempf
|
0-0: Foul Ball, location: 2F 0-1: Called Strike 0-2: Fly out, F9 (Flyball, 9D, EV 100.0 MPH)
|
Batting: RHB Mike Harden
|
0-0: Ball 1-0: Ball 2-0: Called Strike 2-1: SINGLE (Groundball, 6D, EV 104.4 MPH) Chris Williamson to second
|
Batting: RHB Gerard Gordijn
|
0-0: Called Strike 0-1: Ball 1-1: Foul Ball, location: 2F 1-2: Strikes out swinging
|
Top of the 1st over - 0 runs, 2 hits, 0 errors, 2 left on base; University of Michigan 0 - Clemson University 0 |
BOTTOM OF THE 1ST |
Clemson University Tigers batting - Pitching for University of Michigan Wolverines : RHP Danny Arroyo
|
Pitching: RHP Danny Arroyo
|
|
Batting: LHB Steve Gates
|
0-0: Foul Ball, location: 2F 0-1: Called Strike 0-2: SINGLE (Line Drive, 89S, EV 90.6 MPH)
|
Batting: LHB Santiago Carrillo
|
0-0: Ball 1-0: Foul Ball, location: 2F 1-1: Foul Ball, location: 2F 1-2: Ball 2-2: Ball 3-2: Base on Balls Steve Gates to second
|
Batting: RHB Josh LeSage
|
0-0: Ball 1-0: Fly out, F7 (Flyball, 78M, EV 79.4 MPH)
|
Batting: LHB George Jedinak
|
0-0: Called Strike 0-1: Fly out, F9 (Flyball, 9LS, EV 71.9 MPH)
|
Batting: LHB Mario Nunez
|
0-0: Ball 1-0: Ball 2-0: Ball 3-0: Called Strike 3-1: Foul Ball, location: 2F 3-2: SINGLE (Flyball, 7, EV 93.8 MPH) Steve Gates to third Santiago Carrillo to second Steve Gates scores Santiago Carrillo to third
|
Batting: RHB Jason Duncan
|
0-0: Foul Ball, location: 2F 0-1: Fly out, F8 (Flyball, 8LM, EV 90.6 MPH)
|
Bottom of the 1st over - 1 run, 2 hits, 0 errors, 2 left on base; University of Michigan 0 - Clemson University 1 |
TOP OF THE 2ND |
University of Michigan Wolverines batting - Pitching for Clemson University Tigers : RHP Quintin Duncombe
|
Batting: RHB Angus Shanahan
|
0-0: Ball 1-0: SINGLE (Groundball, 5D, EV 100.6 MPH)
|
Batting: LHB Murdock Cranton
|
0-0: Ball 1-0: Ball 2-0: Foul Ball, location: 2F 2-1: Swinging Strike 2-2: Ball 3-2: Foul Ball, location: 2F 3-2: Base on Balls Angus Shanahan to second
|
Batting: SHB Phillip Blake
|
0-0: Called Strike 0-1: Ball 1-1: Swinging Strike 1-2: Fly out, F8 (Flyball, 89M, EV 83.8 MPH)
|
Batting: SHB Elvis Hoying
|
0-0: Ball 1-0: Fly out, F4 (Line Drive, 4, EV 61.2 MPH)
|
Batting: RHB Walter Fisher
|
0-0: Fly out, F7 (Flyball, 7, EV 82.5 MPH)
|
Top of the 2nd over - 0 runs, 1 hit, 0 errors, 2 left on base; University of Michigan 0 - Clemson University 1 |
BOTTOM OF THE 2ND |
Clemson University Tigers batting - Pitching for University of Michigan Wolverines : RHP Danny Arroyo
|
Batting: LHB Alfredo Padilla
|
0-0: Ground out 3-1 (Groundball, 34, EV 108.1 MPH)
|
Batting: RHB Danny Gutierrez
|
0-0: Ball 1-0: Ground out 5-3 (Groundball, 56, EV 80.6 MPH)
|
Batting: LHB Tony Rivera
|
0-0: Called Strike 0-1: Ball 1-1: Ball 2-1: Called Strike 2-2: Ball 3-2: SINGLE (Groundball, 56, EV 98.1 MPH)
|
Batting: LHB Steve Gates
|
0-0: Ball 1-0: Called Strike 1-1: Ball 2-1: SINGLE (Groundball, 34D, EV 100.6 MPH) Tony Rivera to second Runner from 2nd tries for 3rd, SAFE, no throw by RF
|
Batting: LHB Santiago Carrillo
|
0-0: 3-RUN HOME RUN (Flyball, 9D, EV 98.1 MPH), Distance : 393 ft
|
Batting: RHB Josh LeSage
|
0-0: Called Strike 0-1: Ball 1-1: Ball 2-1: Swinging Strike 2-2: Strikes out swinging
|
Bottom of the 2nd over - 3 runs, 3 hits, 0 errors, 0 left on base; University of Michigan 0 - Clemson University 4 |
TOP OF THE 3RD |
University of Michigan Wolverines batting - Pitching for Clemson University Tigers : RHP Quintin Duncombe
|
Batting: RHB Chris Williamson
|
0-0: Ball 1-0: SINGLE (Flyball, 78S, EV 96.9 MPH)
|
Batting: LHB Dakota Kaempf
|
0-0: Swinging Strike 0-1: Ball 1-1: Swinging Strike 1-2: Strikes out swinging
|
Batting: RHB Mike Harden
|
0-0: Ball 1-0: Called Strike 1-1: Swinging Strike 1-2: Ball 2-2: Strikes out swinging
|
Batting: RHB Gerard Gordijn
|
0-0: Ball 1-0: SINGLE (Groundball, 6MD, EV 97.5 MPH) Chris Williamson to second Runner from 2nd tries for 3rd, SAFE, no throw by CF
|
Batting: RHB Angus Shanahan
|
0-0: Foul Ball, location: 2F 0-1: Ball 1-1: Ball 2-1: Swinging Strike 2-2: Foul Ball, location: 2F 2-2: Foul Ball, location: 2F 2-2: Strikes out looking
|
Top of the 3rd over - 0 runs, 2 hits, 0 errors, 2 left on base; University of Michigan 0 - Clemson University 4 |
BOTTOM OF THE 3RD |
Clemson University Tigers batting - Pitching for University of Michigan Wolverines : RHP Danny Arroyo
|
Batting: LHB George Jedinak
|
0-0: Ball 1-0: Called Strike 1-1: Foul Ball, location: 2F 1-2: Ball 2-2: Foul Ball, location: 2F 2-2: Fly out, F4 (Line Drive, 4, EV 69.4 MPH)
|
Batting: LHB Mario Nunez
|
0-0: Called Strike 0-1: SINGLE (Groundball, 4MD, EV 110.0 MPH) (infield hit)
|
Batting: RHB Jason Duncan
|
0-0: Swinging Strike 0-1: Foul Ball, location: 2F 0-2: Ball 1-2: DOUBLE (Line Drive, 89D, EV 98.8 MPH) Mario Nunez to third
|
Batting: LHB Alfredo Padilla
|
0-0: Called Strike 0-1: Swinging Strike 0-2: Ball 1-2: Ball 2-2: Ground out 6-3 (Groundball, 6, EV 81.9 MPH) Mario Nunez scores
|
Batting: RHB Danny Gutierrez
|
0-0: Ball 1-0: Foul Ball, location: 2F 1-1: Ball 2-1: Ground out U3 (Groundball, 3, EV 88.8 MPH)
|
Bottom of the 3rd over - 1 run, 2 hits, 0 errors, 1 left on base; University of Michigan 0 - Clemson University 5 |
TOP OF THE 4TH |
University of Michigan Wolverines batting - Pitching for Clemson University Tigers : RHP Quintin Duncombe
|
Batting: LHB Murdock Cranton
|
0-0: Reached on error, E4 (Groundball, 4, EV 92.5 MPH)
|
Batting: SHB Phillip Blake
|
0-0: Called Strike 0-1: Foul Ball, location: 2F 0-2: Fly out, F7 (Flyball, 7S, EV 93.1 MPH)
|
Batting: SHB Elvis Hoying
|
0-0: Called Strike 0-1: Ball 1-1: Swinging Strike 1-2: Foul Ball, location: 2F 1-2: Ground out 4-3 (Groundball, 4, EV 83.1 MPH) Murdock Cranton to third
|
Batting: RHB Walter Fisher
|
0-0: Swinging Strike 0-1: Ball 1-1: Foul Ball, location: 2F 1-2: Fly out, F7 (Line Drive, 7, EV 98.8 MPH)
|
Top of the 4th over - 0 runs, 0 hits, 1 error, 1 left on base; University of Michigan 0 - Clemson University 5 |
BOTTOM OF THE 4TH |
Clemson University Tigers batting - Pitching for University of Michigan Wolverines : RHP Danny Arroyo
|
Batting: LHB Tony Rivera
|
0-0: Called Strike 0-1: SINGLE (Groundball, 34D, EV 103.1 MPH)
|
Pitching: RHP Orlando Huizar
|
|
Batting: LHB Steve Gates
|
0-0: Foul Ball, location: 2F 0-1: Ball 1-1: Ball 2-1: Foul Ball, location: 2F 2-2: Ground out 4-3 (Groundball, 34, EV 78.1 MPH) Tony Rivera to second
|
Batting: LHB Santiago Carrillo
|
0-0: Called Strike Tony Rivera steals 3rd base 0-1: Foul Ball, location: 2F 0-2: Foul Ball, location: 2F 0-2: Ball 1-2: Foul Ball, location: 2F 1-2: Ball 2-2: Fly out, F8 (Flyball, 78M, EV 80.0 MPH) Runner from 3rd tags up, SCORES, throw by CF
|
Batting: RHB Josh LeSage
|
0-0: Foul Ball, location: 2F 0-1: SOLO HOME RUN (Flyball, 7D, EV 99.4 MPH), Distance : 384 ft
|
Batting: LHB George Jedinak
|
0-0: Ground out 1-3 (Groundball, 15S, EV 68.1 MPH)
|
Bottom of the 4th over - 2 runs, 2 hits, 0 errors, 0 left on base; University of Michigan 0 - Clemson University 7 |
TOP OF THE 5TH |
University of Michigan Wolverines batting - Pitching for Clemson University Tigers : RHP Quintin Duncombe
|
Batting: RHB Chris Williamson
|
0-0: Ball 1-0: Fly out, F9 (Flyball, 89S, EV 82.5 MPH)
|
Batting: LHB Dakota Kaempf
|
0-0: Called Strike 0-1: Ball 1-1: Ball 2-1: Swinging Strike 2-2: Fly out, F9 (Flyball, 89S, EV 95.0 MPH)
|
Batting: RHB Mike Harden
|
0-0: Swinging Strike 0-1: Foul Ball, location: 2F 0-2: Ground out 6-3 (Groundball, 6, EV 79.4 MPH)
|
Top of the 5th over - 0 runs, 0 hits, 0 errors, 0 left on base; University of Michigan 0 - Clemson University 7 |
BOTTOM OF THE 5TH |
Clemson University Tigers batting - Pitching for University of Michigan Wolverines : RHP Orlando Huizar
|
Batting: LHB Mario Nunez
|
0-0: Ball 1-0: Ball 2-0: Ball 3-0: Base on Balls
|
Batting: RHB Jason Duncan
|
0-0: DOUBLE (Flyball, 89D, EV 110.6 MPH) Mario Nunez to third
|
Batting: LHB Alfredo Padilla
|
0-0: Foul Ball, location: 2F 0-1: Fly out, F8 (Flyball, 8LD, EV 91.2 MPH)
|
Batting: RHB Danny Gutierrez
|
0-0: Fly out, F8 (Line Drive, 78M, EV 100.6 MPH) Runner from 3rd tags up, SCORES, no throw by CF
|
Batting: LHB Tony Rivera
|
0-0: Called Strike 0-1: Ball 1-1: Foul Ball, location: 2F 1-2: Strikes out looking
|
Bottom of the 5th over - 1 run, 1 hit, 0 errors, 1 left on base; University of Michigan 0 - Clemson University 8 |
TOP OF THE 6TH |
University of Michigan Wolverines batting - Pitching for Clemson University Tigers : RHP Quintin Duncombe
|
Batting: RHB Gerard Gordijn
|
0-0: Ball 1-0: Swinging Strike 1-1: Called Strike 1-2: Ball 2-2: Fly out, F9 (Line Drive, 89M, EV 87.5 MPH)
|
Batting: RHB Angus Shanahan
|
0-0: Ball 1-0: Ball 2-0: Ball 3-0: Called Strike 3-1: Base on Balls
|
Batting: LHB Murdock Cranton
|
0-0: Ball 1-0: Ball 2-0: Foul Ball, location: 2F 2-1: Foul Ball, location: 2F 2-2: Ball 3-2: Strikes out swinging
|
Batting: SHB Phillip Blake
|
0-0: Ball 1-0: Fly out, F8 (Flyball, 8RD, EV 100.0 MPH)
|
Top of the 6th over - 0 runs, 0 hits, 0 errors, 1 left on base; University of Michigan 0 - Clemson University 8 |
BOTTOM OF THE 6TH |
Clemson University Tigers batting - Pitching for University of Michigan Wolverines : RHP Orlando Huizar
|
Batting: LHB Steve Gates
|
0-0: Ball 1-0: Ball 2-0: Called Strike 2-1: Ground out 4-3 (Groundball, 4, EV 109.4 MPH)
|
Pitching: RHP Leon DeSanctis
|
|
Batting: LHB Santiago Carrillo
|
0-0: Ball 1-0: Called Strike 1-1: Ball 2-1: Foul Ball, location: 2F 2-2: Ball 3-2: Foul Ball, location: 2F 3-2: Fly out, F8 (Flyball, 8RD, EV 90.0 MPH)
|
Batting: RHB Josh LeSage
|
0-0: Ball 1-0: Ground out 1-3 (Groundball, 13S, EV 65.6 MPH)
|
Bottom of the 6th over - 0 runs, 0 hits, 0 errors, 0 left on base; University of Michigan 0 - Clemson University 8 |
TOP OF THE 7TH |
University of Michigan Wolverines batting - Pitching for Clemson University Tigers : RHP Quintin Duncombe
|
Pitching: RHP John Sweet
|
|
Batting: SHB Elvis Hoying
|
0-0: Called Strike 0-1: Ball 1-1: Swinging Strike 1-2: SINGLE (Groundball, 3S, EV 71.2 MPH) (infield hit)
|
Batting: RHB Walter Fisher
|
0-0: Ball 1-0: Ball 2-0: Called Strike 2-1: Ball 3-1: Foul Ball, location: 2F 3-2: Foul Ball, location: 2F 3-2: Base on Balls Elvis Hoying to second
|
Batting: RHB Chris Williamson
|
0-0: Ball 1-0: Ball 2-0: Ball 3-0: Base on Balls Elvis Hoying to third Walter Fisher to second
|
Batting: LHB Dakota Kaempf
|
0-0: Ball 1-0: Ball 2-0: Called Strike 2-1: Called Strike 2-2: Ball Wild Pitch! Elvis Hoying scores Walter Fisher to third Chris Williamson to second 3-2: Foul Ball, location: 2F 3-2: Fly out, F9 (Flyball, 9D, EV 107.5 MPH) Runner from 3rd tags up, SCORES, throw by RF Chris Williamson to third
|
Batting: RHB Mike Harden
|
0-0: Foul Ball, location: 2F 0-1: Ball 1-1: Ball 2-1: SINGLE (Line Drive, 78S, EV 87.5 MPH) Chris Williamson scores
|
Batting: RHB Gerard Gordijn
|
0-0: Swinging Strike 0-1: Fielders Choice at 2nd, 6-4 (Groundball, 6, EV 78.8 MPH)
|
Batting: RHB Angus Shanahan
|
0-0: Called Strike 0-1: Ball 1-1: Fly out, F8 (Flyball, 8LD, EV 98.8 MPH)
|
Top of the 7th over - 3 runs, 2 hits, 0 errors, 1 left on base; University of Michigan 3 - Clemson University 8 |
BOTTOM OF THE 7TH |
Clemson University Tigers batting - Pitching for University of Michigan Wolverines : RHP Leon DeSanctis
|
Batting: LHB George Jedinak
|
0-0: Called Strike 0-1: Called Strike 0-2: Fly out, F7 (Flyball, 78S, EV 93.1 MPH)
|
Batting: LHB Mario Nunez
|
0-0: Called Strike 0-1: Swinging Strike 0-2: Ball 1-2: Foul Ball, location: 2F 1-2: Strikes out swinging
|
Batting: RHB Jason Duncan
|
0-0: Ball 1-0: Called Strike 1-1: Ground out 5-3 (Groundball, 56S, EV 87.5 MPH)
|
Bottom of the 7th over - 0 runs, 0 hits, 0 errors, 0 left on base; University of Michigan 3 - Clemson University 8 |
TOP OF THE 8TH |
University of Michigan Wolverines batting - Pitching for Clemson University Tigers : RHP John Sweet
|
Pitching: LHP Brian Anderson
|
|
Batting: LHB Murdock Cranton
|
0-0: Called Strike 0-1: Foul Ball, location: 2F 0-2: Ball 1-2: Ball 2-2: Ball 3-2: Base on Balls
|
Batting: SHB Phillip Blake
|
0-0: Called Strike 0-1: Swinging Strike 0-2: Ball 1-2: Ball 2-2: Fielders Choice at 2nd, 4-6 (Groundball, 4, EV 80.0 MPH)
|
Batting: SHB Elvis Hoying
|
0-0: Ball 1-0: Called Strike 1-1: Foul Ball, location: 2F 1-2: SINGLE (Groundball, 34D, EV 104.4 MPH) Phillip Blake to second Runner from 2nd tries for 3rd, SAFE, throw by RF made to third
|
Batting: RHB Walter Fisher
|
0-0: Ball 1-0: Ball 2-0: Called Strike 2-1: Ground out 4-3 (Groundball, 34, EV 96.2 MPH) Phillip Blake scores Elvis Hoying to second
|
Batting: RHB Chris Williamson
|
0-0: Fly out, F8 (Flyball, 8RXD, EV 105.6 MPH)
|
Top of the 8th over - 1 run, 1 hit, 0 errors, 1 left on base; University of Michigan 4 - Clemson University 8 |
BOTTOM OF THE 8TH |
Clemson University Tigers batting - Pitching for University of Michigan Wolverines : RHP Leon DeSanctis
|
Pitching: RHP Dave Catano
|
|
Batting: LHB Alfredo Padilla
|
0-0: Called Strike 0-1: Ball 1-1: Ball 2-1: Ball 3-1: Called Strike 3-2: Foul Ball, location: 2F 3-2: Strikes out swinging
|
Batting: RHB Danny Gutierrez
|
0-0: Ball 1-0: Ball 2-0: Called Strike 2-1: SINGLE (Line Drive, 7S, EV 86.2 MPH)
|
Batting: LHB Tony Rivera
|
0-0: Ball 1-0: Called Strike 1-1: Foul Ball, location: 2F 1-2: Foul Ball, location: 2F 1-2: Hit by Pitch Danny Gutierrez to second
|
Batting: LHB Steve Gates
|
0-0: Ball 1-0: Ball 2-0: Ball 3-0: Called Strike 3-1: Called Strike 3-2: Strikes out looking
|
Pitching: LHP Danny Warner
|
|
Batting: LHB Santiago Carrillo
|
0-0: Called Strike 0-1: Ball 1-1: Ball 2-1: Foul Ball, location: 2F 2-2: Fly out, F8 (Flyball, 89M, EV 85.6 MPH)
|
Bottom of the 8th over - 0 runs, 1 hit, 0 errors, 2 left on base; University of Michigan 4 - Clemson University 8 |
TOP OF THE 9TH |
University of Michigan Wolverines batting - Pitching for Clemson University Tigers : LHP Brian Anderson
|
Pitching: LHP Will West
|
|
Batting: LHB Dakota Kaempf
|
0-0: Foul Ball, location: 2F 0-1: Ball 1-1: Swinging Strike 1-2: Ball 2-2: Strikes out swinging
|
Batting: RHB Mike Harden
|
0-0: Ball 1-0: Ball 2-0: Called Strike 2-1: Foul Ball, location: 2F 2-2: Strikes out swinging
|
Batting: RHB Gerard Gordijn
|
0-0: Foul Ball, location: 2F 0-1: Ball 1-1: Ball 2-1: Ball 3-1: Base on Balls
|
Batting: RHB Angus Shanahan
|
0-0: Ball 1-0: Called Strike 1-1: Ball 2-1: Swinging Strike 2-2: Ball 3-2: Foul Ball, location: 2F 3-2: Strikes out swinging
|
Top of the 9th over - 0 runs, 0 hits, 0 errors, 1 left on base; University of Michigan 4 - Clemson University 8 |
|